 Dungeon Crawl Stone Soup version 0.28-a0-628-g3c9886e45e (webtiles) character file.

Game seed: 8114209522773700829

36 lawman0 the Sneak (level 3, -1/29 HPs)
             Began as a Merfolk Delver on Oct 8, 2021.
             Slain by a hound (5 damage)
             ... on level 5 of the Dungeon.
             The game lasted 00:00:29 (469 turns).

lawman0 the Sneak (Merfolk Delver)                   Turns: 469, Time: 00:00:30

Health: -1/29      AC:  3    Str: 12    XL:     3   Next: 37%
Magic:  3/3        EV: 12    Int: 10    God:
Gold:   0          SH:  0    Dex: 15    Spells: 2/2 levels left

rFire   . . .      SeeInvis .   a - +0 spear
rCold   . . .      Faith    .   (no shield)
rNeg    . . .      Spirit   .   b - +0 leather armour
rPois   .          Reflect  .   (no helmet)
rElec   .          Harm     .   (no cloak)
rCorr   .          Rampage  .   (no gloves)
Will    .....                   (no boots)
Stlth   +++.......              (no amulet)
HPRegen 0.09/turn               (no ring)
MPRegen 0.08/turn               (no ring)

@: no status effects
A: (nimble swimmer 2), mertail
a: no special abilities


You were on level 5 of the Dungeon.
You visited 1 branch of the dungeon, and saw 1 of its levels.

Inventory:

Hand Weapons
 a - a +0 spear (weapon)
Armour
 b - a +0 leather armour (worn)
Wands
 g - a wand of digging (2)
Scrolls
 c - a scroll of fog
 e - a scroll of fear
Potions
 f - a potion of haste
 h - a potion of heal wounds {unknown}


   Skills:
 + Level 3.6 Fighting
 + Level 3.3 Polearms
 + Level 3.0 Dodging
 + Level 6.2 Stealth


You had 2 spell levels left.
You didn't know any spells.
Your spell library was empty.

Dungeon Overview and Level Annotations

Branches:
Dungeon (5/15)             Temple (0/1) D:5

Altars:


Innate Abilities, Weirdness & Mutations

((You are quick and stealthy near water. (Stealth+, EV+, Speed+++)))
Your lower body shifts to a powerful aquatic tail in water.


Message History

The hound is lightly wounded.
The hound bites you.
You hit the hound.
The hound is moderately wounded.
The hound barely misses you. x2
You barely miss the hound.
The hound is moderately wounded.
The hound bites you.
You hit the hound but do no damage.
The hound is moderately wounded.
The hound bites you. The hound barely misses you.
You hit the hound but do no damage.
The hound is moderately wounded.
The hound misses you.
You hit the hound.
The hound is heavily wounded.
The hound bites you.
You hit the hound.
The hound is severely wounded.
The hound bites you but does no damage. The hound barely misses you.
You are too injured to fight recklessly!
You barely miss the hound.
The hound is severely wounded.
The hound bites you.
You are too injured to fight recklessly!
You closely miss the hound.
The hound is severely wounded.
The hound bites you. The hound closely misses you.
You are too injured to fight recklessly!
You hit the hound.
The hound is severely wounded.
The hound bites you.
* * * LOW HITPOINT WARNING * * *
You are too injured to fight recklessly!
You closely miss the hound.
The hound is severely wounded.
The hound bites you.
* * * LOW HITPOINT WARNING * * *
The hound bites you.
You die...

,,#.......#......#,,,*,,**,,****
,,#.......#......#,,,*,,**,,,,,*
,*#...##..#......+,,,*,,,*,,,,**
.##...##..#......#,,,*,,,*,,,,*
......##.....†...#,,,*,,,*,,,,*
......######....##,,,*,,,*,,,,*
.######*..##....#*###*,,,*,,,,*
.**,,,**.......h##..##..#*,,*****
,,+,,,,,........@'......#******,,
,**,,,,..........#.......,,,,,,,,
,**,,,,.........##..##...,,,,,,,,
,,+,,,,...##....#*###*,,.,,,,,,,,
,**,<,**..*###+##*,,,,>,**,,**,,,
,**,,,**,,,,,,>,,+,,,,,,**,,*****
,**,,,,*,,,,,,,,**,,**,,,,,,,*
,,,,,,,+,,,,,,,,**,,**,,,,,,,*
,**,,,**,,,,,,,,,*,,,*,,**,,**


You could see a hound.

Vanquished Creatures
  A centaur skeleton (D:5)
  An adder (D:5)
2 creatures vanquished.

Notes
Turn   | Place    | Note
-------+----------+-------------------------------------------
     0 | D:5      | lawman0 the Merfolk Delver began the quest for the Orb.
     0 | D:5      | Reached XP level 1. HP: 18/18 MP: 1/1
    30 | D:5      | Reached skill level 6 in Stealth
    30 | D:5      | Reached XP level 2. HP: 9/24 MP: 2/2
    30 | D:5      | Reached XP level 3. HP: 10/29 MP: 3/3
   258 | D:5      | Noticed an ogre
   469 | D:5      | Slain by a hound

Illustrated notes

Levels and vault maps discovered:
D:5:      layout_gridville, kennysheep_orc_sif_temple,
          minmay_temple_entry_proselytizer, serial_park_tiny_2,
          hangedman_abyss_or_decor_stagger, sigmund_army

Skill      XL: |  1  2  3 |
---------------+----------+-----
Stealth        | 6 |  6.2
Dodging        | 3 |  3.0
Fighting       | |  3.6
Polearms       | |  3.3

Action                   || total
-------------------------++-------
Melee: Spear             ||    38
Evoke: Wand              ||     1
  Use: Scroll            ||     1
 Stab: Distracted        ||     1
Armor: Leather armour    ||    13
Dodge: Dodged            ||    31

Table legend: (Time is in decaauts)
 A = Elapsed time spent in this place.
 B = Non-inter-level travel time spent in this place.
 C = Inter-level travel time spent in this place.
 D = Time resting spent in this place.
 E = Time spent auto-exploring this place.
 F = Levels seen in this place.
 G = Mean time per level.
                   A        B        C        D        E       F      G
               +--------+--------+--------+--------+--------+-----+--------+
         Total |    467 |    467 |      0 |    351 |     37 |   1 |  467.0 |
       Dungeon |    467 |    467 |      0 |    351 |     37 |   1 |  467.0 |
               +--------+--------+--------+--------+--------+-----+--------+

Top non-repeatable levels by time:
     D:5: 467 daAuts
